 Dungeon Sprint DCSS version 0.30.1-9-gdf580d7c3d (webtiles) character file.

Game seed: 2997128566432577118

47513 Heoruswealwe the Executioner (level 14, -3/157 HPs)
             Began as a Minotaur Fighter on Sept 25, 2023.
             Was an Initiate of Gozag.
             Killed from afar by a fire dragon (9 damage)
             ... with a blast of flame
             ... in the Dungeon (Sprint IX: "|||||||||||||||||||||||||||||").
             The game lasted 00:51:30 (4920 turns).

Heoruswealwe the Executioner (Minotaur Fighter)     Turns: 4920, Time: 00:51:31

Health: -3/157     AC: 29    Str: 25    XL:     14   Next: 8%
Magic:  13/13      EV:  9    Int:  5    God:    Gozag
Gold:   1613       SH:  0    Dex:  7    Spells: 13/13 levels left

rFire   + + +        b - +7 great mace "Firestarter" {flame, immolate, rFlCloud rF++}
rCold   + + +        (shield currently unavailable)
rNeg    + . .        c - +0 shadow dragon scales
rPois   +            (helmet restricted)
rElec   +            (no cloak)
rCorr   +            f - +2 pair of gloves {Stlth+}
SInv    .            e - +1 pair of boots of the Comet {+Inv rC+ rN+ Dex-4}
Will    +....        (no amulet)
Stlth   +++          k - ring of protection from cold
HPRegen 0.46/turn    (no ring)
MPRegen 0.13/turn

%: no teleportation
@: resistant, gold aura, hasted, very quick
A: horns 2, retaliatory headbutt
a: Renounce Religion, Evoke Invisibility, Potion Petition, Call Merchant, Bribe
Branch


You were in the Dungeon.
You worshipped Gozag.
Gozag was most pleased with you.
You visited 1 branch You collected 14528 gold pieces.
You spent 6040 gold pieces at shops.
You paid 6875 gold pieces to Gozag.

Inventory:

Hand Weapons
 a - the +16 obsidian axe {drain, demonic, Mesm Drain Fly SInv}
   (You found it in the Dungeon)

   Mesm:      Its wielder is mesmerised by any visible foes, and it cannot be
   unequipped while any foes are visible.
   SInv:      It lets you see invisible.
   Fly:       It grants you flight.
   Drain:     It drains your maximum health when unequipped.
 b - the +7 great mace "Firestarter" (weapon) {flame, immolate, rFlCloud rF++}
   (You bought it in a shop in the Dungeon)

   rFlCloud:  It grants immunity to clouds of flame.
   rF:        It greatly protects you from fire.
 u - the +3 Elemental Staff {rElec rF+ rC+ AC+3}
   (You bought it in a shop in the Dungeon)

   It enhances your fire, ice, earth and air magic.
   AC:        It affects your AC (+3).
   rF:        It protects you from fire.
   rC:        It protects you from cold.
   rElec:     It insulates you from electricity.
 w - the +7 Spriggan's Knife {stab, EV+4 Stlth+}
   (You found it in the Dungeon)

   Stab:      It is more effective when stabbing unaware enemies, sometimes
   treating them as though they were completely helpless.
   EV:        It affects your evasion (+4).
   Stlth:     It makes you more stealthy.
 y - a +5 bardiche of pain
Armour
 c - +0 shadow dragon scales (worn)
 d - a +0 buckler
 e - the +1 pair of boots of the Comet (worn) {+Inv rC+ rN+ Dex-4}
   (You acquired it in the Dungeon)

   Dex:       It affects your dexterity (-4).
   rC:        It protects you from cold.
   rN:        It protects you from negative energy.
   +Inv:      It lets you turn invisible.
 f - a +2 pair of gloves of stealth (worn)
Jewellery
 k - a ring of protection from cold (left hand)
Wands
 q - a wand of digging (9)
 t - a wand of light (10)
Scrolls
 j - 6 scrolls of blinking
 n - 6 scrolls of enchant weapon
 o - 3 scrolls of enchant armour
 A - a scroll of brand weapon
 B - 3 scrolls of identify
 C - a scroll of silence
Potions
 g - a potion of haste
 h - a potion of invisibility
 i - 4 potions of berserk rage
 m - 2 potions of mutation
 p - a potion of flight
 x - a potion of ambrosia
 z - a potion of resistance
Miscellaneous
 r - a condenser vane
 v - a phantom mirror


   Skills:
 + Level 23.3 Fighting
 - Level 23.4(26.9) Axes
 * Level 21.2(25.3) Maces & Flails
 - Level 9.9(18.0) Polearms
 + Level 23.3 Armour
 - Level 3.6 Shields


You had 13 spell levels left.
You didn't know any spells.
Your spell library was empty.

Dungeon Overview and Level Annotations

Branches:
Dungeon (1/1)

Altars:
Cheibriados
Dithmenos
Elyvilon
Fedhas
Gozag
Hepliaklqana
Kikubaaqudgha
Makhleb
Nemelex Xobeh
Okawaru
Qazlal
Ru
Sif Muna
Trog
Uskayaw
Vehumet
Wu Jian
Xom
Yredelemnul
Zin
The Shining One
Jiyva
Lugonu

Shops:
D **[(*?[***


Innate Abilities, Weirdness & Mutations

You have a pair of horns on your head.
You reflexively headbutt those who attack you in melee.


Message History

The spriggan berserker is severely wounded.
You bludgeon the spriggan berserker!! You burn the spriggan berserker.
The spriggan berserker explodes!
The fiery explosion engulfs you. You resist.
* * * LOW HITPOINT WARNING * * *
The fiery explosion engulfs the stone giant!
The stone giant is lightly wounded.
The hell knight is no longer distracted by gold.
The stone giant is engulfed in blazing flames.
You hit the stone giant. You burn the stone giant.
The stone giant is filled with an inner flame.
The stone giant is lightly wounded.
You beat the stone giant like a drum!!!
Flame seeps out of the stone giant.
You burn the stone giant!
Flame seeps out of the stone giant.
You headbutt the stone giant, but do no damage.
The stone giant is almost dead.
The fire giant is engulfed in blazing flames.
The stone giant is engulfed in blazing flames.
Flame seeps out of the stone giant.
The stone giant hits you!
* * * LOW HITPOINT WARNING * * *
You sock the stone giant!
Flame seeps out of the stone giant.
You burn the stone giant.
Flame seeps out of the stone giant. x2
You headbutt the stone giant.
The stone giant is almost dead.
You flatten the stone giant like a pancake!!!
You burn the stone giant.
The stone giant explodes!
The fiery explosion engulfs you! You resist.
* * * LOW HITPOINT WARNING * * *
The fiery explosion engulfs the fire giant!
The fire giant resists.
The fire giant is lightly wounded.
The fiery explosion engulfs the hell knight.
The hell knight completely resists.
The fire dragon breathes flames at you.
The blast of flame hits the hell knight.
The hell knight completely resists.
The blast of flame hits the fire giant.
The fire giant resists.
The blast of flame hits you! You resist.
You die...
Your body crumbles into a pile of gold.

,,,+,,,,,,,,,,,,,+,,,,,,,,,,,,,+,
*********************************
,,,,,,,,,,,,,,,,,,,,,,,,,,,,,,,,,
*********************************
,,,,,,,,+,,,,,,,,,,,,,,,,,,,,,,,,
*********************************
,,,,,,,,,,,,,,,,,,,,,,,,,,,,,,,,,
▓▓▓▓▓▓▓▓▓▓▓▓▓▓▓▓▓▓▓▓▓▓▓▓▓▓▓******
∩............°$○@○CpD...CCp,,,,,+
▓▓▓▓▓▓▓▓▓▓▓▓▓▓▓▓▓▓▓▓▓▓▓▓▓▓▓▓▓▓▓▓▓
.................................
▓▓▓▓▓▓▓▓▓▓▓▓▓▓▓▓▓▓▓▓▓♣♣♣♣♣♣♣♣♣♣▓▓
...........'.........')........'.
▓▓▓▓▓▓▓▓▓▓▓▓▓▓▓▓▓▓▓▓▓♣♣♣♣♣♣♣♣♣♣▓▓
.................................
▓▓▓▓▓▓▓▓▓▓▓▓▓▓▓▓▓▓▓▓▓▓▓▓▓▓▓▓▓▓▓▓▓
.....'===..).)).))).[.[[..[[.....


You could see a fire giant, a fire dragon (catching breath) and a hell knight
(fast).

Vanquished Creatures
  A sphinx (D)
  Agnes (D)
  2 fire giants (D)
  A ghost moth (D)
  2 stone giants (D)
  An eleionoma (D)
  A merfolk javelineer (D)
  A merfolk impaler (D)
  An ettin (D)
  A fire dragon (D)
  2 hydras (D)
  An anaconda (D)
  An ice dragon (D)
  Erica (D)
  A spriggan air mage (D)
  2 boulder beetles (D)
  A merfolk avatar (D)
  3 ogre magi (D)
  A death knight (D)
  4 two-headed ogres (D)
  A centaur warrior (D)
  An alligator (D)
  A vampire mage (D)
  A merfolk aquamancer (D)
  An orc high priest (D)
  3 tengu warriors (D)
  3 deep troll earth magi (D)
  A hell knight (D)
  A naga sharpshooter (D)
  Urug (D)
  A spriggan berserker (D)
  A shock serpent (D)
  A skyshark (D)
  2 pharaoh ants (D)
  A spriggan druid (D)
  A bog body (D)
  A steelbarb worm (D)
  A harpy (D)
  4 orc knights (D)
  2 ugly things (D)
  A mana viper (D)
  A deep elf pyromancer (D)
  2 manticores (D)
  2 will-o-the-wisps (D)
  A guardian serpent (D)
  An elephant (D)
  A water nymph (D)
  3 black mambas (D)
  A torpor snail (D)
  A gargoyle (D)
  A cane toad (D)
  3 komodo dragons (D)
  A rime drake (D)
  A wind drake (D)
  5 polar bears (D)
  A tyrant leech (D)
  A dream sheep (shapeshifter) (D)
  A blink frog (D)
  A snapping turtle (D)
  2 culicivoras (D)
  2 wyverns (D)
  A basilisk (D)
  Eustachio (D)
  A yak (D)
  A vampire mosquito (D)
  2 nagas (D)
  4 water moccasins (D)
  A swamp drake (D)
  9 orc warriors (D)
  4 black bears (D)
  7 ogres (D)
  A wolf (D)
  A centaur (D)
  A gnoll sergeant (D)
  A bullfrog (D)
  A scorpion (D)
  A howler monkey (D)
  A hound (D)
  4 orc priests (D)
  4 orc wizards (D)
  A shadow imp (D)
  A white imp (D)
  4 orcs (D)
  3 goblins (D)
  2 bats (D)
148 creatures vanquished.

Vanquished Creatures (collateral kills)
  A catoblepas (D)
  A wyvern (D)
2 creatures vanquished.

Vanquished Creatures (others)
  A fire giant (D)
  A boulder beetle (D)
  4 foxfires (D)
6 creatures vanquished.

Grand Total: 156 creatures vanquished

Notes
Turn   | Place    | Note
-------+----------+-------------------------------------------
     0 | D        | Heoruswealwe the Minotaur Fighter began the quest for the
                  | Orb.
     0 | D        | Reached XP level 1. HP: 19/19 MP: 0/0
    33 | D        | Noticed a hound
    33 | D        | Noticed a scorpion
    33 | D        | Noticed a black bear
    36 | D        | Reached XP level 2. HP: 27/28 MP: 1/1
    41 | D        | Reached skill level 5 in Fighting
    41 | D        | Reached skill level 5 in Armour
    41 | D        | Reached XP level 3. HP: 36/36 MP: 2/2
    48 | D        | Killed a scorpion
    49 | D        | Reached XP level 4. HP: 42/45 MP: 3/3
    61 | D        | Killed a black bear
    62 | D        | Reached XP level 5. HP: 30/53 MP: 4/4
    68 | D        | Found a snail-covered altar of Cheibriados.
    68 | D        | Found a shadowy altar of Dithmenos.
    68 | D        | Found a white marble altar of Elyvilon.
    68 | D        | Found a blossoming altar of Fedhas.
    68 | D        | Found an opulent altar of Gozag.
    69 | D        | Found a hazy altar of Hepliaklqana.
    70 | D        | Found a viscous altar of Jiyva.
    71 | D        | Found an ancient bone altar of Kikubaaqudgha.
    72 | D        | Found a corrupted altar of Lugonu.
    73 | D        | Found a burning altar of Makhleb.
    74 | D        | Found a sparkling altar of Nemelex Xobeh.
    75 | D        | Found an iron altar of Okawaru.
    76 | D        | Became a worshipper of Gozag Ym Sagoz the Greedy
    77 | D        | Found a stormy altar of Qazlal.
    78 | D        | Found a sacrificial altar of Ru.
    79 | D        | Found a shimmering blue altar of Sif Muna.
    80 | D        | Found a bloodstained altar of Trog.
    81 | D        | Found a hide-covered altar of Uskayaw.
    82 | D        | Found a radiant altar of Vehumet.
    83 | D        | Found an ornate altar of the Wu Jian Council.
    84 | D        | Found a shimmering altar of Xom.
    85 | D        | Found a basalt altar of Yredelemnul.
    86 | D        | Found a glowing silver altar of Zin.
    87 | D        | Found a glowing golden altar of the Shining One.
    95 | D        | Found the +16 obsidian axe {drain, demonic, Mesm Drain Fly
                  | SInv}
   159 | D        | Noticed a centaur
   159 | D        | Noticed a wyvern
   159 | D        | Noticed a komodo dragon
   162 | D        | Killed a centaur
   163 | D        | Reached XP level 6. HP: 62/62 MP: 5/5
   164 | D        | Killed a wyvern
   172 | D        | Killed a komodo dragon
   173 | D        | Reached skill level 10 in Fighting
   173 | D        | Reached skill level 10 in Armour
   173 | D        | Reached XP level 7. HP: 55/73 MP: 6/6
   177 | D        | Reached skill level 10 in Axes
   260 | D        | Noticed a vampire mosquito
   260 | D        | Noticed a centaur warrior
   260 | D        | Noticed a boulder beetle
   260 | D        | Noticed a komodo dragon
   260 | D        | Noticed a deep elf pyromancer
   260 | D        | Noticed a gargoyle
   261 | D        | Noticed a fire elemental
   262 | D        | Killed a vampire mosquito
   265 | D        | Killed a centaur warrior
   266 | D        | Reached XP level 8. HP: 70/83 MP: 7/7
   271 | D        | Killed a komodo dragon
   271 | D        | Noticed a smoke demon
   277 | D        | Killed a deep elf pyromancer
   279 | D        | Killed a boulder beetle
   280 | D        | Reached XP level 9. HP: 74/92 MP: 8/8
   281 | D        | Killed a gargoyle
   282 | D        | Reached skill level 15 in Axes
   469 | D        | Noticed a rime drake
   469 | D        | Noticed an elephant
   475 | D        | Killed a rime drake
   481 | D        | Killed an elephant
   772 | D        | Noticed a black mamba
   772 | D        | Noticed a komodo dragon
   772 | D        | Noticed a skyshark
   772 | D        | Noticed a cane toad
   775 | D        | Noticed a seven-headed hydra
   776 | D        | Killed a black mamba
   777 | D        | Reached XP level 10. HP: 104/104 MP: 9/9
   779 | D        | Noticed a catoblepas
   790 | D        | Killed a skyshark
   791 | D        | Reached skill level 15 in Fighting
   791 | D        | Reached skill level 15 in Armour
   793 | D        | Killed a ten-headed hydra
   797 | D        | Killed a catoblepas
   800 | D        | Killed a cane toad
  1126 | D        | Reached XP level 11. HP: 95/114 MP: 10/10
  1255 | D        | Noticed Eustachio
  1260 | D        | Killed Eustachio
  1643 | D        | Noticed an orc knight
  1643 | D        | Noticed an orc high priest
  1644 | D        | Noticed an orc knight
  1647 | D        | Noticed a soul eater
  1649 | D        | Killed an orc knight
  1656 | D        | Noticed an orc knight
  1660 | D        | Killed an orc high priest
  1670 | D        | Killed an orc knight
  1671 | D        | Noticed an orc knight
  1674 | D        | Killed an orc knight
  1685 | D        | Killed an orc knight
  1967 | D        | Found Aman's Armour Emporium.
  1967 | D        | Noticed an ogre mage
  1971 | D        | Killed an ogre mage
  1973 | D        | Found Cicitop's Weapon Shoppe.
  1980 | D        | Noticed a two-headed ogre
  1983 | D        | Found Nein's Assorted Antiques.
  1987 | D        | Killed a two-headed ogre
  1988 | D        | Found Mousuitifa's Magic Scroll Shoppe.
  1989 | D        | Noticed a two-headed ogre
  1990 | D        | Noticed an ogre mage
  1992 | D        | Noticed a two-headed ogre
  1994 | D        | Killed a two-headed ogre
  1995 | D        | Noticed a two-headed ogre
  1998 | D        | Killed an ogre mage
  2004 | D        | Killed a two-headed ogre
  2006 | D        | Killed a two-headed ogre
  2007 | D        | Reached XP level 12. HP: 85/128 MP: 11/11
  2347 | D        | Bought a potion of curing for 57 gold pieces
  2347 | D        | Bought the +7 great mace "Firestarter" {flame, immolate,
                  | rFlCloud rF++} for 1352 gold pieces
  2347 | D        | Found the +7 great mace "Firestarter" {flame, immolate,
                  | rFlCloud rF++}
  2347 | D        | Bought a potion of curing for 57 gold pieces
  2347 | D        | Bought a scroll labelled DURYGUIKITAL for 19 gold pieces
  2349 | D        | Bought a scroll of identify for 26 gold pieces
  2349 | D        | Bought a scroll of magic mapping for 97 gold pieces
  2349 | D        | Bought a scroll of vulnerability for 52 gold pieces
  2349 | D        | Bought a scroll of enchant weapon for 97 gold pieces
  2349 | D        | Bought a scroll of immolation for 52 gold pieces
  2349 | D        | Bought a scroll of blinking for 97 gold pieces
  2379 | D        | Bought a pair of embroidered gloves for 247 gold pieces
  2415 | D        | Bought the +3 Elemental Staff {rElec rF+ rC+ AC+3} for 856
                  | gold pieces
  2415 | D        | Found the +3 Elemental Staff {rElec rF+ rC+ AC+3}
  2415 | D        | Bought 2 potions of lignification for 90 gold pieces
  2415 | D        | Bought a scroll of fear for 60 gold pieces
  2415 | D        | Bought a potion of ambrosia for 120 gold pieces
  2415 | D        | Bought a potion of curing for 45 gold pieces
  2415 | D        | Bought a scroll of identify for 30 gold pieces
  2449 | D        | Bought a phantom mirror for 920 gold pieces
  2449 | D        | Bought a scroll labelled QOPIMI YLOICVU for 23 gold pieces
  2449 | D        | Bought a murky puce potion for 20 gold pieces
  2449 | D        | Bought a scroll of enchant armour for 172 gold pieces
  2449 | D        | Bought a scroll of enchant weapon for 172 gold pieces
  2449 | D        | Bought a scroll labelled WALAUT TYUCEU for 23 gold pieces
  2449 | D        | Bought 2 scrolls of enchant weapon for 345 gold pieces
  2449 | D        | Bought a scroll labelled LUHOTR HETZUFA for 23 gold pieces
  2489 | D        | Acquired the +1 pair of boots of the Comet {+Inv rC+ rN+
                  | Dex-4}
  2580 | D        | Noticed Erica
  2586 | D        | Killed Erica
  2643 | D        | Found the +7 Spriggan's Knife {stab, EV+4 Stlth+}
  2781 | D        | Noticed a tengu warrior
  2781 | D        | Noticed a death knight
  2781 | D        | Noticed an ogre mage
  2786 | D        | Killed a tengu warrior
  2787 | D        | Reached skill level 5 in Maces & Flails
  2791 | D        | Noticed a fire giant
  2796 | D        | Killed a death knight
  2804 | D        | Killed an ogre mage
  2807 | D        | Noticed a vampire mage
  2808 | D        | Noticed a deep troll earth mage
  2813 | D        | Killed a fire giant
  2817 | D        | Noticed a deep troll earth mage
  2820 | D        | Noticed a tengu warrior
  2821 | D        | Reached skill level 10 in Maces & Flails
  2821 | D        | Noticed a deep troll earth mage
  2822 | D        | Killed a vampire mage
  2826 | D        | Killed a deep troll earth mage
  2827 | D        | Killed a deep troll earth mage
  2831 | D        | Killed a tengu warrior
  2833 | D        | Killed a deep troll earth mage
  3115 | D        | Noticed Urug
  3120 | D        | Killed Urug
  3143 | D        | Noticed Agnes
  3153 | D        | Killed Agnes
  3637 | D        | Bought a scroll of identify for 30 gold pieces
  3637 | D        | Bought a scroll of identify for 30 gold pieces
  3637 | D        | Bought a condenser vane for 600 gold pieces
  3859 | D        | Noticed a boulder beetle
  3866 | D        | Reached XP level 13. HP: 135/141 MP: 12/12
  3878 | D        | Killed a ghost moth
  3879 | D        | Reached skill level 15 in Maces & Flails
  4070 | D        | Noticed an eleionoma
  4076 | D        | Killed an eleionoma
  4541 | D        | Noticed a merfolk javelineer
  4541 | D        | Noticed a merfolk impaler
  4547 | D        | Killed a merfolk javelineer
  4557 | D        | Killed a merfolk impaler
  4838 | D        | Bought a scroll of blinking for 120 gold pieces
  4838 | D        | Bought a potion of curing for 48 gold pieces
  4841 | D        | Bought a scroll labelled LETOSI QOPI for 40 gold pieces
  4841 | D        | Bought a scroll of identify for 80 gold pieces
  4841 | D        | Bought a scroll labelled UPSEIVV GIUXAX for 40 gold pieces
  4864 | D        | Noticed a sphinx
  4864 | D        | Noticed an ettin
  4864 | D        | Noticed a stone giant
  4864 | D        | Noticed a fire dragon
  4867 | D        | Killed a sphinx
  4870 | D        | Killed a stone giant
  4871 | D        | Noticed a fire giant
  4873 | D        | Killed an ettin
  4874 | D        | Noticed a fire giant
  4882 | D        | Killed a fire dragon
  4883 | D        | Noticed a stone giant
  4885 | D        | Noticed a fire giant
  4889 | D        | Killed a fire giant
  4890 | D        | Reached XP level 14. HP: 43/157 MP: 13/13
  4903 | D        | Killed a fire giant
  4920 | D        | Killed a stone giant
  4920 | D        | HP: 6/157 [spore (8)]
  4920 | D        | Killed from afar by a fire dragon

Illustrated notes

Levels and vault maps discovered:
D:        linesprint [early_d, line_temple, items_1, d_10, items_2, lair_1,
          lair_end, items_3, orc_1, orc_end, items_4, d_15, swamp_1, shoals_1,
          snake_1, spider_1, d_20, vaults_1, items_5, swamp_end, shoals_end,
          snake_end, spider_end, vaults_end, d_27, items_6, zot_1, zot_end,
          crypt_end, forest_end, elf_end, slime_end, tomb_end, abyss_end,
          pan_hell_end]

Skill      XL: |  1  2  3  4  5  6  7  8  9 10 11 12 13 14 |
---------------+-------------------------------------------+-----
Polearms       | 4 6 7 9 |  9.9
Fighting       | 4 5 6 7 8 10 12 14 16 18 20 23 | 23.3
Armour         | 4 5 6 7 8 10 12 14 16 18 20 23 | 23.3
Axes           | 4 9 13 14 17 20 23 | 23.4
Maces & Flails | 14 20 21 | 21.2
Shields        | |  3.6

Action                     |  1- 3 |  4- 6 |  7- 9 | 10-12 | 13-15 || total
---------------------------+-------+-------+-------+-------+-------++-------
  Melee: Trident           |    29 |    13 |       |       |       ||    42
         Headbutt          |     3 |     2 |     8 |    36 |    22 ||    71
         Broad axe         |       |     9 |    48 |   137 |       ||   194
         Great mace        |       |       |       |    50 |   101 ||   151
 Invoke: Call Merchant     |       |       |       |     4 |     2 ||     6
    Use: Potion            |       |     1 |       |    12 |    10 ||    23
         Scroll            |       |       |       |     5 |     3 ||     8
   Stab: Distracted        |       |       |       |       |     2 ||     2
 Armour: Scale mail        |     9 |     7 |       |       |       ||    16
         Chain mail        |       |     7 |    14 |    31 |       ||    52
         Plate armour      |       |       |       |    12 |       ||    12
         Shadow dragon sca |       |       |       |    27 |    37 ||    64
  Dodge: Dodged            |     9 |     8 |    17 |    42 |    24 ||   100
  Block: Buckler           |     7 |     3 |     4 |    16 |       ||    30
